 Dungeon Crawl Stone Soup version 0.23.2 (webtiles) character file.

Game seed: 1598667313286518714

100832 Illumine the Blocker (level 15, -9/123 HPs)
             Began as a Minotaur Fighter on Oct 23, 2019.
             Was a Priest of Uskayaw.
             Mangled by a tentacled starspawn (26 damage)
             ... on level 3 of the Abyss on Oct 25, 2019.
             The game lasted 00:52:53 (19786 turns).

Illumine the Blocker (Minotaur Fighter)            Turns: 19786, Time: 00:52:54

Health: -9/123     AC: 27    Str: 26      XL:     15   Next: 81%
Magic:  22/22      EV: 11    Int:  5 (10) God:    Uskayaw [***...]
Gold:   1120       SH: 14    Dex:  7      Spells: 14/14 levels left

rFire    + + .     SeeInvis .   S - +9 demon trident (elec)
rCold    . . .     Gourm    .   c - +1 shield
rNeg     . . .     Faith    .   T - +7 fire dragon scales
rPois    +         Spirit   .   (helmet restricted)
rElec    +         Reflect  .   u - scarf {cloud immunity}
rCorr    .         Harm     .   k - +2 pair of gloves
MR       +....                  n - +2 pair of boots
Stlth    ..........             G - amulet of regeneration
HPRegen  0.70/turn              V - ring of protection from cold
MPRegen  0.18/turn              v - +4 ring of protection

@: brilliant, very slightly contaminated, slowed, lost intelligence,
constricted, invisible, very slow
A: retaliatory headbutt, horns 2, [clumsy 2], [deformed body], frail 1, poison
resistance, electricity resistance, MP-powered wands
a: Stomp, Line Pass, Renounce Religion


You were on level 3 of the Abyss.
You worshipped Uskayaw.
Uskayaw was aware of your devotion.
You were not hungry.

You visited 4 branches of the dungeon, and saw 24 of its levels.
You visited the Abyss 1 time.
You also visited: Ice Cave.

You collected 2232 gold pieces.
You spent 1112 gold pieces at shops.

Inventory:

Hand Weapons
 J - a +2 war axe of flaming
 S - a +9 demon trident of electrocution (weapon)
 W - a +3 broad axe
 X - a +0 lajatang of speed
Missiles
 K - 2 throwing nets (quivered)
Armour
 c - a +1 shield (worn)
 k - a +2 pair of gloves (worn)
 n - a +2 pair of boots (worn)
 u - a scarf of cloud immunity (worn)
 T - +7 fire dragon scales (worn)
Jewellery
 v - a +4 ring of protection (right hand)
 x - an uncursed ring of protection from magic
 E - the ring of Xucaoc {*Drain Int+4 SInv Stlth+}
   (You found it on level 7 of the Dungeon)

   [ring of intelligence]

   It affects your intelligence (+4).
   It lets you see invisible.
   It causes draining when unequipped.
   It makes you more stealthy.
 G - an amulet of regeneration (around neck)
 V - a ring of protection from cold (left hand)
Wands
 o - a wand of digging (9)
 w - a wand of disintegration (12)
 I - a wand of acid (4)
 N - a wand of polymorph (8)
 P - a wand of flame (26)
 R - a wand of iceblast (18)
Scrolls
 e - 6 scrolls of immolation
 g - 6 scrolls of remove curse
 j - a scroll of amnesia {unknown}
 m - 2 scrolls of enchant weapon
 p - 2 scrolls of magic mapping
 s - 5 scrolls of fear
 y - 8 scrolls of teleportation
 A - 4 scrolls of fog
 D - a scroll of noise {unknown}
 M - 3 scrolls of vulnerability
 O - 2 scrolls of blinking
 Q - a scroll of random uselessness {unknown}
Potions
 d - 2 potions of might
 h - 2 potions of agility
 i - 9 potions of curing
 l - 6 potions of mutation
 q - a potion of invisibility
 r - 4 potions of haste
 t - 3 potions of heal wounds
 z - 2 potions of lignification
 B - a potion of cancellation
 F - a potion of berserk rage
 H - 2 potions of ambrosia
 L - a potion of resistance
 U - a potion of magic
 Y - a potion of flight
Miscellaneous
 b - a phantom mirror
Comestibles
 f - 29 rations


   Skills:
 + Level 13.8 Fighting
 - Level 14.3(14.8) Axes
 * Level 7.0(11.6) Polearms
 + Level 13.9 Armour
 + Level 12.4 Dodging
 + Level 14.4 Shields
 + Level 10.6 Invocations


You had 14 spell levels left.
You didn't know any spells.
Your spell library contained the following spells:

 Spells                   Type           Power        Failure   Level  Hunger
 Animate Skeleton         Necr           N/A          13%         1    ##.....
 Corona                   Hex            #......      13%         1    ##.....
 Flame Tongue             Conj/Fire      #....        13%         1    ##.....
 Magic Dart               Conj           #...         13%         1    ##.....
 Pain                     Necr           #...         13%         1    ##.....
 Shock                    Conj/Air       #...         13%         1    ##.....
 Blink                    Tloc           N/A          19%         2    ###....
 Call Imp                 Summ           #.......     19%         2    ###....
 Ensorcelled Hibernation  Hex/Ice        #.....       19%         2    ###....
 Slow                     Hex            #.......     19%         2    ###....
 Swiftness                Chrm/Air       #.......     19%         2    ###....
 Throw Flame              Conj/Fire      #.....       19%         2    ###....
 Throw Frost              Conj/Ice       #.....       19%         2    ###....
 Confuse                  Hex            #.......     32%         3    ####...
 Conjure Flame            Conj/Fire      #.......     32%         3    ####...
 Dazzling Spray           Conj/Hex       #.....       32%         3    ####...
 Inner Flame              Hex/Fire       #.......     32%         3    ####...
 Mephitic Cloud           Conj/Pois/Air  #.......     32%         3    ####...
 Ozocubu's Armour         Chrm/Ice       #.......     32%         3    ####...
 Regeneration             Chrm/Necr      #.........   32%         3    ####...
 Static Discharge         Conj/Air       #.......     32%         3    ####...
 Tukima's Dance           Hex            #.......     32%         3    ####...
 Vampiric Draining        Necr           #.........   32%         3    ####...
 Airstrike                Air            #.........   67%         4    #####..
 Animate Dead             Necr           N/A          67%         4    #####..
 Sticky Flame             Conj/Fire      #.......     67%         4    #####..
 Summon Ice Beast         Ice/Summ       #.......     67%         4    #####..
 Fireball                 Conj/Fire      #.........   92%         5    ######.
 Lightning Bolt           Conj/Air       #.........   92%         5    ######.
 Bolt of Cold             Conj/Ice       #.........   100%        6    #######
 Ozocubu's Refrigeration  Ice            #.........   100%        6    #######
 Simulacrum               Ice/Necr       #.........   100%        6    #######


Dungeon Overview and Level Annotations

Branches:
Dungeon (15/15)            Temple (0/1) D:5            Lair (6/6) D:9
  Swamp (1/4) Lair:2        Snake (0/4) Lair:2        Slime (0/5) Lair:6
    Orc (2/2) D:10            Elf (0/3) Orc:2        Vaults (0/5) D:14
 Depths: D:15

Altars:
Ashenzari
Cheibriados
Elyvilon
Fedhas
Kikubaaqudgha
Makhleb
Nemelex Xobeh
Okawaru
Qazlal
Ru
Trog
Uskayaw
Vehumet
Xom
Zin
Beogh
Jiyva

Shops:
D:2 *   D:12 (=(?   Orc:1 =   Orc:2 }?[

Portals:
Pandemonium: Orc:2

Annotations:
Lair:5 exclusion: oklob plant


Innate Abilities, Weirdness & Mutations

You reflexively headbutt those who attack you in melee.
You have a pair of horns on your head.
You are frail. (-10% HP)
Your system is resistant to poisons. (rPois)
You are resistant to electric shocks. (rElec)
You expend magic power (3 MP) to strengthen your wands.
[You are very clumsy. (Dex -4)]
[Armour fits poorly on your strangely shaped body.]


Message History

The smoke demon closely misses you.
The smoke demon hits you but does no damage.
The starspawn tentacle constricts you.
Evoke which item? (* to show all) (? for menu, Esc to quit)
Okay, then.
Okay, then.
Okay, then.
You feel much better. The smoke demon barely misses you.
The smoke demon hits you but does no damage.
You block the smoke demon's attack. The tentacled starspawn bites you.
* * * LOW HITPOINT WARNING * * *
The tentacled starspawn engulfs you.
* * * LOW HITPOINT WARNING * * *
You block the tentacled starspawn's attack. x2
The starspawn tentacle constricts you.
The smoke demon hits you but does no damage. x4
The smoke demon barely misses you.
The smoke demon hits you but does no damage.
The tentacled starspawn bites you!!
You die...

♣♣ #... #. . .#.).
≈ ..####.###...
#♣≈. # # #..# .. .
♣... ....#
##.#####♣.≈≈.≈ #
..#.## #. .##≈...
..#........#.##w.≈♣
♣ . #
.##.....4Xw#♣♣..≈.
. ####.
.#..##@X..≈.# # .#.
#.##33ww.≈≈..
..#..#4..#.#..≈≈≈≈.
#. # .. 3#..
.#≈≈≈#. #
#.###─......≈≈≈≈# .
#..#§ ##.#.$.≈≈≈≈≈
. ..♣ # ♣♣ ♣♣♣♣♣≈..
. .#. ♣≈. # .#..


You could see 2 tentacled starspawn, a hellwing, 2 smoke demons and 4 starspawn
tentacles.

Vanquished Creatures
  Agnes (D:15)
  Kirke (D:13)
  A frost giant (IceCv)
  Nessos (D:13)
  An ettin (Orc:2)
  A fire dragon (Lair:4)
  Josephine (D:10)
  Fannar (Orc:1)
  6 hydras
  8 vault guards
  A death knight (D:11)
  A centaur warrior (D:14)
  4 tengu warriors
  4 catoblepae
  An ogre mage (D:15)
  A thrashing horror (Abyss:3)
  7 two-headed ogres
  7 death yaks
  5 orc high priests (Orc:2)
  Urug (D:13)
  A wretched star (Abyss:3)
  A soul eater (Orc:2)
  An unseen horror (D:13)
  A torturous demonspawn (Orc:2)
  2 infernal demonspawn (Orc:2)
  Pikel (D:4)
  A deep elf mage (D:14)
  2 phantasmal warriors (D:11)
  5 orc knights
  6 orc sorcerers (Orc:2)
  5 manticores
  An ugly thing (D:11)
  2 cyclopes
  4 black mambas
  2 orange demons (Orc:2)
  4 spiny frogs
  A gargoyle (D:15)
  An ice statue (IceCv)
  A freezing wraith (D:11)
  5 komodo dragons
  An efreet (D:13)
  A hellwing (Orc:2)
  3 kobold demonologists
  3 tengu conjurers
  A redback zombie (D:14)
  11 rime drakes
  8 trolls
  9 polar bears (IceCv)
  2 hornets
  Prince Ribbit (D:7)
  12 blink frogs (Lair:6)
  10 hippogriffs
  A shadow (D:13)
  A human (D:8)
  A small abomination (Abyss:2)
  5 hogs
  4 wraiths
  6 wyverns
  3 basilisks (Lair:6)
  54 yaks
  Grum (D:7)
  2 hungry ghosts
  2 neqoxecs
  10 steam dragons (Lair:4)
  2 wargs
  4 insubstantial wisps (Lair:2)
  6 nagas (Lair:2)
  An acid dragon (D:13)
  11 porcupines
  12 water moccasins
  36 orc warriors
  3 sky beasts
  3 ice beasts
  7 phantoms
  A black bear (D:8)
  12 ogres
  3 eyes of draining
  8 centaurs
  24 wolves
  11 crocodiles
  6 big kobolds
  3 gnoll sergeants (D:7)
  An earth elemental (Abyss:3)
  12 bullfrogs
  A wyvern skeleton (D:11)
  4 scorpions
  5 wights (D:12)
  3 killer bees (D:10)
  4 howler monkeys (D:8)
  6 centaur zombies
  3 bullfrog zombies
  5 crimson imps
  18 hounds
  2 jellies
  29 orc priests
  3 iguanas
  22 orc wizards
  A bullfrog skeleton (D:5)
  A centaur skeleton (D:7)
  2 gnoll shamans (D:7)
  Terence (D:3)
  Natasha (twice) (D:3)
  6 hell rats (Lair:4)
  8 worker ants
  A hound zombie (D:8)
  4 hound skeletons
  25 gnolls
  12 adders
  5 shadow imps
  3 oozes
  An adder skeleton (D:9)
  A worm (D:4)
  2 dart slugs
  A leopard gecko (D:6)
  98 orcs
  10 giant cockroaches
  5 goblins
  10 hobgoblins
  12 jackals
  25 kobolds
  3 quokkas
  8 bats
  5 frilled lizards
  7 rats
  A fungus (Lair:6)
  A plant (Lair:6)
  A starspawn tentacle (Abyss:3)
786 creatures vanquished.

Vanquished Creatures (others)
  An orc knight (Orc:2)
  A rime drake (Lair:4)
  A human (D:14)
  A steam dragon (Lair:4)
  An orc (D:4)
  A frilled lizard (D:4)
  6 fungi
  7 plants
  8 starspawn tentacles (Abyss:3)
27 creatures vanquished.

Grand Total: 813 creatures vanquished

Notes
Turn   | Place    | Note
-------+----------+-------------------------------------------
     0 | D:1      | Illumine the Minotaur Fighter began the quest for the Orb.
     0 | D:1      | Reached XP level 1. HP: 19/19 MP: 0/0
    79 | D:1      | Reached XP level 2. HP: 26/26 MP: 1/1
   552 | D:1      | Reached XP level 3. HP: 31/31 MP: 2/2
  1035 | D:2      | Found a sparkling altar of Nemelex Xobeh.
  1035 | D:2      | Found a white marble altar of Elyvilon.
  1036 | D:2      | Found a snail-covered altar of Cheibriados.
  1093 | D:2      | Found a shattered altar of Ashenzari.
  1209 | D:2      | Reached XP level 4. HP: 39/39 MP: 3/3
  1278 | D:2      | Found a sacrificial altar of Ru.
  1278 | D:2      | Found a hide-covered altar of Uskayaw.
  1339 | D:2      | Found Zin's Purification Station.
  1340 | D:2      | Found a glowing silver altar of Zin.
  1613 | D:3      | Found a stormy altar of Qazlal.
  1613 | D:3      | Found an ancient bone altar of Kikubaaqudgha.
  1868 | D:3      | Reached skill level 5 in Axes
  1871 | D:3      | You fall through a shaft for 2 floors!
  1871 | D:5      | Entered Level 5 of the Dungeon
  1914 | D:4      | Reached XP level 5. HP: 28/45 MP: 4/4
  1916 | D:4      | Reached skill level 5 in Shields
  2385 | D:4      | Found a bloodstained altar of Trog.
  2417 | D:4      | Noticed a phantom
  2442 | D:3      | Reached XP level 6. HP: 45/51 MP: 5/5
  2575 | D:3      | Noticed Natasha
  2581 | D:3      | Killed Natasha
  2838 | D:2      | Became a worshipper of Uskayaw the Reveler
  2868 | D:3      | Noticed Natasha
  2873 | D:3      | Reached * piety under Uskayaw
  2877 | D:3      | Killed Natasha
  3118 | D:3      | Found a radiant altar of Vehumet.
  3118 | D:3      | Found an iron altar of Okawaru.
  3118 | D:3      | Noticed Terence
  3122 | D:3      | Reached ** piety under Uskayaw
  3125 | D:3      | Killed Terence
  3527 | D:4      | Found a blossoming altar of Fedhas.
  3534 | D:4      | Reached XP level 7. HP: 24/58 MP: 2/6
  3772 | D:4      | Noticed Pikel
  3783 | D:4      | Killed Pikel
  4154 | D:5      | Reached XP level 8. HP: 64/67 MP: 7/7
  4353 | D:5      | Reached skill level 5 in Fighting
  4377 | D:5      | Reached skill level 5 in Armour
  4483 | D:5      | Reached skill level 1 in Invocations
  4632 | D:5      | Reached *** piety under Uskayaw
  4640 | D:5      | Reached **** piety under Uskayaw
  5152 | D:6      | Reached XP level 9. HP: 29/75 MP: 1/9
  5901 | D:7      | Reached ***** piety under Uskayaw
  5918 | D:7      | Reached ****** piety under Uskayaw
  5955 | D:7      | Noticed Prince Ribbit
  5975 | D:7      | Killed Prince Ribbit
  6012 | D:7      | Reached skill level 5 in Dodging
  6271 | D:7      | Got a faintly glowing lapis lazuli ring
  6453 | D:7      | Noticed Grum
  6466 | D:7      | Killed Grum
  6551 | D:7      | Identified the ring of Xucaoc {*Drain Int+4 SInv Stlth+}
                  | (You found it on level 7 of the Dungeon)
  6620 | D:7      | Found a burning altar of Makhleb.
  6734 | D:7      | Found a shimmering altar of Xom.
  6977 | D:8      | Reached XP level 10. HP: 85/86 MP: 12/12
  7320 | D:8      | Reached skill level 10 in Axes
  7484 | D:8      | Reached skill level 5 in Invocations
  7805 | D:9      | Noticed a two-headed ogre
  7812 | D:9      | Killed a two-headed ogre
  8013 | D:9      | Noticed a two-headed ogre
  8022 | D:9      | Killed a two-headed ogre
  8244 | D:9      | Found a staircase to the Lair.
  8388 | Lair:1   | Entered Level 1 of the Lair of Beasts
  8508 | Lair:1   | Reached XP level 11. HP: 91/95 MP: 14/14
  8950 | Lair:2   | Found a staircase to the Snake Pit.
  9000 | Lair:2   | Reached skill level 10 in Shields
  9072 | Lair:2   | Found a staircase to the Swamp.
  9817 | Swamp:1  | Entered Level 1 of the Swamp
 10072 | Lair:4   | Noticed a seven-headed hydra
 10078 | Lair:4   | Killed a seven-headed hydra
 10089 | Lair:4   | Noticed an eight-headed hydra
 10098 | Lair:4   | Killed a ten-headed hydra
 10098 | Lair:4   | Reached XP level 12. HP: 61/106 MP: 16/16
 10196 | Lair:4   | Reached skill level 10 in Armour
 10597 | Lair:4   | Reached skill level 10 in Fighting
 10727 | Lair:4   | Noticed a fire dragon
 10755 | Lair:4   | Killed a fire dragon
 11046 | Lair:5   | Noticed a catoblepas
 11047 | Lair:5   | Noticed a seven-headed hydra
 11071 | Lair:4   | Killed a catoblepas
 11173 | Lair:5   | Killed an 11-headed hydra
 11852 | Lair:6   | Entered Level 6 of the Lair of Beasts
 11926 | Lair:6   | Found a staircase to the Slime Pits.
 11926 | Lair:6   | Found a viscous altar of Jiyva.
 12032 | Lair:6   | Reached XP level 13. HP: 116/116 MP: 18/18
 12451 | Lair:6   | Reached skill level 10 in Dodging
 12968 | D:10     | Entered Level 10 of the Dungeon
 13082 | D:10     | Noticed Josephine
 13092 | D:10     | Killed Josephine
 13396 | D:10     | Found a staircase to the Orcish Mines.
 13423 | D:10     | Found a roughly hewn altar of Beogh.
 13445 | Orc:1    | Entered Level 1 of the Orcish Mines
 13549 | Orc:2    | Entered Level 2 of the Orcish Mines
 13657 | Orc:2    | Found a staircase to the Elven Halls.
 13871 | Orc:2    | Found Ybidief's General Store.
 13872 | Orc:2    | Found Geoptiurch's Magic Scroll Emporium.
 13884 | Orc:2    | Gained mutation: You tend to lose your temper in combat. [a
                  | neqoxec]
 14109 | Orc:2    | Reached XP level 14. HP: 47/126 MP: 17/20
 14398 | Orc:2    | Found Zuofit's Antique Armour Shop.
 14398 | Orc:2    | Found Cotocs's Gadget Boutique.
 14398 | Orc:2    | Found a one-way gate leading to the halls of Pandemonium.
 14810 | Orc:1    | Found Hyhecr Puesch's Jewellery Emporium.
 14816 | Orc:1    | Reached skill level 10 in Invocations
 14823 | Orc:1    | Noticed Fannar
 14838 | Orc:1    | Killed Fannar
 15709 | D:11     | Found a frozen archway.
 15718 | IceCv    | Entered an ice cave
 16126 | IceCv    | Noticed a frost giant
 16143 | IceCv    | Killed a frost giant
 16159 | IceCv    | Identified the Tome of Ice
 16500 | D:12     | Reached XP level 15. HP: 135/135 MP: 21/21
 16667 | D:12     | Found Atteleysmy's Jewellery Shoppe.
 16728 | D:12     | Found Eqoats's Magic Scroll Emporium.
 16768 | D:12     | Found a blossoming altar of Fedhas.
 16768 | D:12     | Found Ifol's Weapon Boutique.
 16782 | D:12     | Bought a +6 demon trident of electrocution for 1112 gold
                  | pieces
 16897 | D:12     | Found Moxte's Antique Weapon Shop.
 17199 | D:13     | Noticed Urug
 17233 | D:13     | Reached skill level 1 in Polearms
 17239 | D:13     | Killed Urug
 18325 | D:14     | Noticed Nessos
 18538 | D:14     | Noticed Kirke
 18549 | D:13     | Killed Kirke
 18757 | D:13     | Reached skill level 5 in Polearms
 18764 | D:13     | Killed Nessos
 18947 | D:14     | Found a gate to the Vaults.
 18949 | D:14     | Lost mutation: You tend to lose your temper in combat.
                  | [potion of mutation]
 18949 | D:14     | Gained mutation: You expend magic power (3 MP) to
                  | strengthen your wands. [potion of mutation]
 18949 | D:14     | Gained mutation: You are frail. (-10% HP) [potion of
                  | mutation]
 18949 | D:14     | Gained mutation: You are resistant to electric shocks.
                  | (rElec) [potion of mutation]
 18949 | D:14     | Gained mutation: Your system is resistant to poisons.
                  | (rPois) [potion of mutation]
 19366 | D:15     | Entered Level 15 of the Dungeon
 19409 | D:15     | Noticed Agnes
 19423 | D:15     | Killed Agnes
 19630 | D:15     | Cast into level 2 of the Abyss (ogre mage)
 19737 | Abyss:3  | Lost intelligence.
 19754 | Abyss:3  | Noticed a tentacled starspawn
 19772 | Abyss:3  | Noticed a tentacled starspawn
 19786 | Abyss:3  | Mangled by a tentacled starspawn

Skill      XL: |  1  2  3  4  5  6  7  8  9 10 11 12 13 14 15 |
---------------+----------------------------------------------+-----
Axes           | 3 4 5 6 7 8 9 10 11 12 13 14 | 14.3
Shields        | 4 5 6 7 8 9 10 11 12 13 14 | 14.4
Fighting       | 4 6 7 8 9 11 12 13 | 13.8
Armour         | 4 6 7 8 9 11 12 13 | 13.9
Dodging        | 2 4 5 6 8 9 10 11 12 | 12.4
Invocations    | 2 4 5 7 8 9 10 | 10.6
Polearms       | 7 |  7.0

Action                   |  1- 3 |  4- 6 |  7- 9 | 10-12 | 13-15 || total
-------------------------+-------+-------+-------+-------+-------++-------
Melee: War axe           |   104 |   172 |   337 |   576 |   814 ||  2003
       Headbutt          |    10 |    20 |    56 |   132 |   272 ||   490
       Demon trident     |       |       |       |       |   272 ||   272
Invok: Stomp             |       |     1 |    15 |    12 |    32 ||    60
       Line Pass         |       |       |     3 |     2 |       ||     5
Evoke: Wand              |       |       |       |    13 |     6 ||    19
  Use: Scroll            |       |       |    13 |     9 |    16 ||    38
       Potion            |       |       |       |     1 |     7 ||     8
 Stab: Paralysed         |       |       |     6 |    70 |   122 ||   198
       Confused          |       |       |       |     3 |       ||     3
       Petrified         |       |       |       |     1 |     3 ||     4
       Distracted        |       |       |       |       |     1 ||     1
  Eat: Chunk             |     1 |     6 |    13 |    19 |    29 ||    68
       Ration            |       |     1 |       |       |     1 ||     2
Armor: Scale mail        |    52 |    52 |       |       |       ||   104
       Chain mail        |       |     8 |    40 |       |       ||    48
       Plate armour      |       |       |   113 |   213 |       ||   326
       Fire dragon scale |       |       |       |    72 |   411 ||   483
Dodge: Dodged            |    36 |    46 |    86 |   208 |   458 ||   834
Block: Shield            |    61 |    76 |   269 |   409 |   772 ||  1587
